Cogmind - Beta 10.2 --- EXPLORER MODE // 2021.02.09 @ 18:44:15 Player: Xiggle Result: Destroyed by D-53 Grenadier with Mini Grenade Launcher Performance ------------- Evolutions (0) 0 Regions Visited (2) 400 Robots Destroyed (9) 45 Value Destroyed (307) 307 Prototype IDs (0) 0 Alien Tech Used (0) 0 Bonus (60) 60 TOTAL SCORE: 812 Bonus ------- Follower Combat Kills 60 Cogmind --------- Core Integrity 0/250 Matter 292/300 Energy 100/100 System Corruption 0% Temperature Cool (0) Movement Core (550) Ox10 Location -10/Mines Parts ------- > --- POWER (1) -------- (None) > --- PROPULSION (2) --- (None) > --- UTILITY (3) ------ High-capacity Storage Unit Targeting Computer > --- WEAPON (2) ------- (None) > --- INVENTORY (12) --- Ion Engine Light Ion Engine Aluminum Leg Aluminum Leg Improved Heat Sink Small Battery (100) Small Battery (100) Targeting Computer ECM Suite Weapon Shielding Peak State ------------ > --- POWER ------------ Light Ion Engine > --- PROPULSION ------- Light Treads Light Treads > --- UTILITY ---------- High-capacity Storage Unit ECM Suite Core Shielding > --- WEAPON ----------- Particle Gun Light Assault Rifle > --- INVENTORY -------- Ion Engine Light Ion Engine Aluminum Leg Aluminum Leg Small Battery Small Battery Small Battery Targeting Computer Targeting Computer Weapon Shielding Assault Rifle Assault Rifle [Rating: 10] Favorites ----------- Power Light Ion Engine Engine Light Ion Engine Propulsion Light Treads Treads Light Treads Leg Aluminum Leg Utility Core Shielding Device ECM Suite Storage High-capacity Storage Unit Processor Targeting Computer Protection Core Shielding Weapon Light Assault Rifle Energy Gun Particle Gun Ballistic Gun Light Assault Rifle Build | -11 -10 -10 ------- Run | Scr Mat Min Slots Evolved 1 | . 1 . Power . | . . . Propulsion . | . . . Utility 1 | . 1 . Weapon . | . . . Parts Attached 18 | 7 4 7 Power 3 | 1 . 2 Engine 3 | 1 . 2 Core . | . . . Reactor . | . . . Propulsion 4 | 2 . 2 Treads 2 | 2 . . Leg 2 | . . 2 Wheel . | . . . Hover . | . . . Flight . | . . . Utility 6 | 2 3 1 Device 1 | . 1 . Storage 3 | 1 2 . Processor 1 | . . 1 Hackware . | . . . Protection 1 | 1 . . Artifact . | . . . Weapon 5 | 2 1 2 Energy Gun 1 | . 1 . Energy Cannon . | . . . Ballistic Gun 4 | 2 . 2 Ballistic Cannon . | . . . Launcher . | . . . Special Weapon . | . . . Impact Weapon . | . . . Slashing Weapon . | . . . Piercing Weapon . | . . . Special Melee Weapon . | . . . Unidentified Prototypes . | . . . Parts Lost 8 | . . 8 Power 1 | . . 1 Propulsion 2 | . . 2 Utility 1 | . . 1 Weapon 4 | . . 4 Highest Loss Streak 8 | . . 8 Average Slot Usage (%) 97 | . 97 97 Engine 11 | . 12 11 Treads 19 | . 25 16 Leg 4 | . . 7 Device 8 | . 9 7 Storage 12 | . 12 12 Processor 2 | . . 4 Protection 12 | . 12 12 Energy Gun 7 | . 1 11 Ballistic Gun 16 | . 23 11 Naked Turns . | . . . Heaviest Build 43 | 14 41 43 Greatest Support 40 | 3 40 40 Greatest Overweight (x) 13 | 4 4 13 Average Overweight (x) 1 | 3 . 1 Largest Inventory Capacity 16 | 8 16 12 Average Capacity 10 | 7 11 12 Most Carried 12 | 7 12 12 Average Carried 9 | 5 10 11 Final Capacity 12 | 8 12 12 Final Carried 12 | 7 12 10 Class Distribution -------------------- 100% | Hacker-Mutant Dominant Class ---------------- Hacker-Mutant | -10/Materials Hacker-Mutant | -10/Mines Resources | -11 -10 -10 ----------- Run | Scr Mat Min Matter Collected 410 | 235 120 55 Remotely . | . . . Salvage Created 345 | . 170 175 Parts 16 | . 11 5 Haulers Intercepted . | . . . Recyclers Shooed . | . . . Parts Field Recycled . | . . . Retrieved Matter . | . . . Parts Self-Destructed . | . . . Prevented . | . . . Kills | -11 -10 -10 ------- Run | Scr Mat Min Combat Hostiles Destroyed 10 | . 4 6 Guns 10 | . 4 6 Classes Destroyed 4 | . 3 1 Worker 1 | . 1 . Watcher 1 | . 1 . Grunt 7 | . 4 3 Assembled 3 | . . 3 Best Kill Streak 3 | . 2 3 Combat Bots Only 3 | . 2 3 Max Kills in Single Turn 1 | . 1 1 Gunslinging . | . . . Exploded . | . . . Melee . | . . . Uniques/NPCs Destroyed . | . . . Combat | -11 -10 -10 -------- Run | Scr Mat Min Damage Taken 1155 | . 232 923 Core 270 | . 42 228 Absorbed by Shields . | . . . Core Remaining (%) 100 | 100 . . Volleys Fired 49 | . 25 24 Largest 2 | . 2 2 Hottest 85 | . 85 85 Shots Fired 97 | . 50 47 Gun 97 | . 50 47 Cannon . | . . . Launcher . | . . . Special . | . . . Kinetic 75 | . 48 27 Thermal 22 | . 2 20 Explosive . | . . . Electromagnetic . | . . . Robot Hit Streak 25 | . 18 25 Robot Miss Streak 2 | . 2 1 Penetration Max . | . . . Secondary Targets 3 | . 1 2 Max Gunslinging Chain 1 | . 1 1 Shots Hit Robots 86 | . 43 43 Core Hits 35 | . 17 18 Critical Hits 1 | . 1 . Critical Kills . | . . . Critical Parts Destroyed 1 | . 1 . Melee Attacks . | . . . Impact . | . . . Slashing . | . . . Piercing . | . . . Sneak Attacks . | . . . Combat Hostiles . | . . . Follow-up Attacks . | . . . Damage Inflicted 857 | . 372 485 Guns 837 | . 354 483 Cannons . | . . . Explosions . | . . . Melee . | . . . Ramming 20 | . 18 2 Kinetic 524 | . 321 203 Thermal 313 | . 33 280 Explosive . | . . . Electromagnetic . | . . . Impact . | . . . Slashing . | . . . Piercing . | . . . Highest Corruption . | . . . Average Corruption . | . . . Corruption Purged . | . . . Overload Shots . | . . . Overflow Damage . | . . . Projectiles . | . . . Explosions . | . . . Melee . | . . . Knockbacks . | . . . Impact . | . . . Kinetic . | . . . Secondary . | . . . Self-Inflicted Damage . | . . . Shots . | . . . Rammed 3 | . 3 . Targets Rammed 4 | . 3 1 Kicked 1 | . . 1 Crushed . | . . . Highest Temperature 372 | . 74 372 Average Temperature 117 | . 20 146 Received Heat Transfer 302 | . 222 80 Siege Activations . | . . . Robots Corrupted . | . . . Combat Hostiles . | . . . Parts Fried . | . . . Impact Corruptions . | . . . Robots Melted . | . . . Combat Hostiles . | . . . Parts Melted . | . . . Heat Transferred 777 | . 74 703 Parts Sabotaged . | . . . Parts Stolen . | . . . Parts Stripped . | . . . Power Chain Reactions . | . . . Missiles Intercepted . | . . . Alert | -11 -10 -10 ------- Run | Scr Mat Min Peak Influence 130 | . 130 106 Initial 35 | . . 35 Average 32 | . 39 42 Maximum Alert Level . | . . . Low Security (%) 100 | 100 100 100 Level 1 . | . . . Level 2 . | . . . Level 3 . | . . . Level 4 . | . . . Level 5 . | . . . High Security . | . . . Max Security . | . . . Squads Dispatched . | . . . Investigation . | . . . Extermination . | . . . Reinforcement . | . . . Assault . | . . . Garrison . | . . . Intercept . | . . . Construction Impeded . | . . . Haulers Reinforced . | . . . Stealth | -11 -10 -10 --------- Run | Scr Mat Min Distress Signals 2 | . 2 . Communications Jammed . | . . . Distress Signals . | . . . Times Spotted 38 | . 11 27 Peak Tracking Total 16 | . 3 16 Tactical Retreats 5 | . 2 3 Traps | -11 -10 -10 ------- Run | Scr Mat Min Traps Triggered . | . . . Indirectly . | . . . Trap Hack Attempts . | . . . Triggered . | . . . Disarmed . | . . . Reprogrammed . | . . . Reused . | . . . Traps Extracted . | . . . Installed . | . . . Triggered . | . . . Machines | -11 -10 -10 ---------- Run | Scr Mat Min Machines Disabled . | . . . Max in Single Turn . | . . . Machines Sabotaged . | . . . Garrisons Compromised . | . . . Overloaded Fab Kills . | . . . Fab Network Shutdowns . | . . . Hacking | -11 -10 -10 --------- Run | Scr Mat Min Machines Accessed 3 | . 1 2 Terminals 3 | . 1 2 Fabricators . | . . . Repair Stations . | . . . Recycling Units . | . . . Scanalyzers . | . . . Garrison Access . | . . . Total Hacks 5 | . 3 2 Successful 5 | . 3 2 Failed . | . . . Catastrophic . | . . . Database Lockouts . | . . . Manual . | . . . Terminals 5 | . 3 2 Fabricators . | . . . Repair Stations . | . . . Recycling Units . | . . . Scanalyzers . | . . . Garrison Access . | . . . Terminal Hacks 5 | . 3 2 Record 3 | . 3 . Dispatch Records 1 | . . 1 Zone Layout 1 | . . 1 Fabricator Hacks . | . . . Repair Station Hacks . | . . . Recycling Unit Hacks . | . . . Scanalyzer . | . . . Garrison Access Hacks . | . . . Unauthorized Hacks . | . . . Terminals . | . . . Fabricators . | . . . Repair Stations . | . . . Recycling Units . | . . . Scanalyzers . | . . . Garrison Access . | . . . Data Cores Recovered . | . . . Used . | . . . Hacking Detections 1 | . . 1 Full Trace Events . | . . . Feedback Events . | . . . Feedback Blocked . | . . . Robot Schematics Acquired . | . . . Robots Built . | . . . Matter . | . . . Time . | . . . Total Robot Build Rating . | . . . Part Schematics Acquired . | . . . Parts Built . | . . . Matter . | . . . Time . | . . . Total Part Build Rating . | . . . Parts Repaired . | . . . Time . | . . . Parts Recycled . | . . . Recycled Matter . | . . . Retrieved Matter . | . . . Retrieved Components . | . . . Parts Scanalyzed . | . . . Part Schematics Acquired . | . . . Parts Damaged . | . . . Bothacking | -11 -10 -10 ------------ Run | Scr Mat Min Used RIF Installer . | . . . Robots Hacked . | . . . Non-combat . | . . . Combat . | . . . Robot Hacks Applied . | . . . Relay Couplers Released . | . . . Robots Rewired . | . . . Allies Hacked . | . . . Hacks Repelled . | . . . Allies | -11 -10 -10 -------- Run | Scr Mat Min Total Allies 2 | . . 2 Largest Group 2 | . . 2 Highest-Rated Group 39 | . . 39 Highest-Rated Ally 31 | . . 31 Total Orders . | . . . Ally Attacks 7 | . . 7 Total Damage 129 | . . 129 Kills 4 | . . 4 Allies Corrupted . | . . . Allies Melted . | . . . Intel | -11 -10 -10 ------- Run | Scr Mat Min Robot Analysis Total . | . . . Derelict Logs Recovered . | . . . Drone Launches . | . . . Drone Recoveries . | . . . Exploration | -11 -10 -10 ------------- Run | Scr Mat Min Turns Passed 2162 | 473 729 960 Spaces Moved 1050 | 213 364 473 Core 269 | 213 50 6 Treads 632 | . 314 318 Legs 149 | . . 149 Wheels . | . . . Hover . | . . . Flight . | . . . Fastest Speed 50 | 50 160 180 Average Speed 187 | 214 174 185 Slowest Speed 700 | 250 250 700 Overloaded Moves . | . . . Propulsion Burnouts . | . . . Robots Hopped . | . . . Cave-ins Triggered . | . . . Exploration Rate (%) 38 | 13 30 72 Regions Visited 2 Branch Regions 1 Pre-discovered Areas . | . . . Known Exits Taken 2 | 1 1 . Unknown Exits Taken . | . . . Scrap Searched . | . . . Spaces Dug . | . . . Terrain Destroyed . | . . . Melee . | . . . Projectile . | . . . AOE . | . . . Terrain Rammed . | . . . Walls Destroyed . | . . . Machines Disabled . | . . . Actions | -11 -10 -10 --------- Run | Scr Mat Min Total 1152 | 226 415 511 Wait 10 | . 10 . Move 1048 | 212 363 473 Hop . | . . . Pick Up 16 | 7 7 2 Fast Attach 11 | 7 2 2 Attach 5 | . 2 3 Detach . | . . . Swap 2 | . . 2 Drop 7 | . 3 4 Fire 49 | . 25 24 Melee . | . . . Ram . | . . . Kick 1 | . . 1 Crush 3 | . 3 . Escape Stasis . | . . . Rewire . | . . . Trap . | . . . Miscellaneous . | . . . Route ------- -11/Scrapyard -10/Materials -10/Mines (discovered 1 exit: *Mat) History --------- Turn | Location | Event 8 | -11/Scrapyard | Identified exit to Materials 8 | -11/Scrapyard | Discovered exit to Materials (range 16) 474 | -11/Scrapyard | Entered Materials 474 | -10/Materials | Evolved 1 slot: Utility x1 475 | -10/Materials | Build established: Hacker-Mutant 953 | -10/Materials | Identified exit to Mines 953 | -10/Materials | Discovered exit to Mines (range 15) 1203 | -10/Materials | Entered Mines 1502 | -10/Mines | Identified exit to Materials 1502 | -10/Mines | Discovered exit to Materials (range 9) 1800 | -10/Mines | Assisted by bots powering up and referring to "LRC-V3" 2084 | -10/Mines | Assembled infested the area 2089 | -10/Mines | Assisted by a Guerilla fighting off Assembled 2149 | -10/Mines | Core integrity fell below 50% 2158 | -10/Mines | Core integrity fell below 20% 2163 | -10/Mines | Destroyed by D-53 Grenadier with Mini Grenade Launcher Last Messages --------------- 02127_ as-37671 destroyed. 02128_ as-44328 destroyed. 02129_ Aluminum Leg destroyed. 02130_ as-38464 destroyed. 02130_ as-54660 destroyed. 02131_ U-05 Engineer lays Concrete. 02134_ The unstable cave ceiling collapses. 02134_ Ion Engine destroyed. 02138_ Aluminum Leg destroyed. 02138_ Assault Rifle destroyed. 02138_ Lgt. Assault Rifle destroyed. 02138_ as-68765 destroyed. 02139_ The unstable cave ceiling collapses. 02153_ as-53467 destroyed. 02154_ The unstable cave ceiling collapses. 02161_ Assault Rifle destroyed. 02161_ D-53 Grenadier destroyed. 02162_ The unstable cave ceiling collapses. 02163_ U-05 Engineer lays Concrete. 02163_ Core Shielding destroyed. Map ----- +----------------------------------------------------+ | ???????????????????????## ########## #???# #???# | | ????????????????????????## #????????# #???# #???# | | ?????????????????????????# #????????# ###?# #???? | | ?????????????????????????# #????????# #?# ####? | | ?????????????????????????# #????????### #?# ## | | ?????????????????????????# #??????????# #?# # | | ?????????????????????????# #??????????# ### | | ?????????????????????????# #??????????# """ | | ?????????????????????##### #??????????###### """ | | ?????????????????????#" #???????????????## """ | | ?????????????????????#%#####????????????????# | | ????????????????????## #????????????????????## | | ????????????????????## ???###??????????###### | | ????????????????????## ??## #????????## | | ???????????????????? #% ??# #??????## | | ?????????????????????# ??# ###??## ### | | ?????????????????????#u ???# #### #?# | | ?????????????????????# #?????# ### # | | ???????????????????### ###????# # | | ??????????????????## ###??## # | | ?????????????????## # # ###?## ###### | | ?????????????????# # ##?# ##????? | | ??????????????????# # ### #?????? | | ??????????????????# ## #?????? | | ?????????????????## ### #?????? | | ?????????????????# @ % ##????? | | ???????????????# d ### ###??? | | ??????????????# %] ### #### | | ??????????????# ##?#### | | ??????????????## ##?????## | | ???????????????### # #####???????# | | ?????????????????# ####????????????## | | ???????????????? ?????????????????### | | ??????????????? ????????????????????## ## | | ??????????????######?????????????????????###### | | ??????????????????????????????????????????????## | | ???????????????????????????????????????????????### | | ?????????????????????????????????????????????????? | | ?????????????????????????????????????????????????? | | | | | | | | | | | | | | | | | | | | | | | +----------------------------------------------------+ Best States ------------- Heat Dissipation 25 Energy Generation 10 Energy Capacity 250 Matter Stores 300 Matter Capacity 300 Sight Range 16 Terrain Scan Density 10 ECM Strength 1 Resistance: KI 35 Resistance: TH 35 Resistance: EX 35 Resistance: EM 35 Resistance: I 35 Resistance: S 35 Resistance: P 35 Core Shielding 20 Evasion (%) 50 Targeting Accuracy 5 Recoil Reduction 2 Offensive Hacking 20 Item Schematics ----------------- None Robot Schematics ------------------ None Fabricated ------------ Nothing Alien Tech Used ----------------- None Achievements -------------- None Challenges ------------ None Game ------ Seed GyrokineticDerelictDriver Manual? 0 Play Time 00:36:18 Cumulative 55.0 hours Start 2021.02.09 @ 18:02:25 End 2021.02.09 @ 18:44:15 Sessions 1 Manual Loads 0 Difficulty Explorer Special Mode None Game No. 41 Rogue 8 Adventurer 12 Explorer 21 Win Type - Total 0 Types 0/0/0/0/0/0/0/0/0 Lore% 3 Gallery% 32 Achievement% 6 Wizard Run 0 Options --------- ASCII 0 Keyboard 0 Movement Arrows Keybinds 0 Fullscreen 1 Font 20/Terminus Map View 66x54 Tactical HUD 1 Map Filters NONE Filters NONE Steam X RUN: 716391e4-61fe-4865-953e-d96b7baa00f9